 Dungeon Crawl Stone Soup version 0.25.1-2-g60ff931df9 (webtiles) character file.

Game seed: 2180797246657597955

287 Martska the Skirmisher (level 6, 0/57 HPs)
             Began as a Naga Fighter on Aug 14, 2020.
             Slain by a sky beast (4 damage)
             ... on level 3 of the Dungeon.
             The game lasted 00:03:31 (2578 turns).

Martska the Skirmisher (Naga Fighter)               Turns: 2578, Time: 00:03:32

Health: 0/57       AC:  7    Str: 18    XL:     6   Next: 30%
Magic:  8/8        EV:  6    Int: 10    God:
Gold:   59         SH:  8    Dex: 11    Spells: 7/7 levels left

rFire    . . .     SeeInvis +   p - +0 spear
rCold    . . .     Gourm    .   c - +0 kite shield
rNeg     . . .     Faith    .   b - +0 scale mail
rPois    +         Spirit   .   (no helmet)
rElec    .         Reflect  .   e - +1 cloak
rCorr    .         Harm     .   (no gloves)
MR       .....                  (no barding)
Stlth    ..........             (no amulet)
HPRegen  0.19/turn              (no ring)
MPRegen  0.11/turn              (no ring)

@: mighty, lightly drained, very slow
A: large, see invisible, deformed body, poison resistance, slowness 2, slow
metabolism 1, spit poison 1, AC +2
a: Spit Poison


You were on level 3 of the Dungeon.
You were not hungry.

You visited 1 branch of the dungeon, and saw 3 of its levels.

You collected 59 gold pieces.

Inventory:

Hand Weapons
 a - a +0 trident
 p - a +0 spear (weapon)
 t - a +2 quarterstaff of chaos
Armour
 b - a +0 scale mail (worn)
 c - a +0 kite shield (worn)
 e - a +1 cloak (worn)
Jewellery
 s - an uncursed ring of protection from fire {unknown}
Scrolls
 g - a scroll of enchant weapon {unknown}
 i - a scroll of remove curse {unknown}
 j - 2 scrolls of fog {unknown}
 l - a scroll of amnesia {unknown}
 n - 3 scrolls of magic mapping {unknown}
 r - a scroll of teleportation {unknown}
 u - a scroll of identify {unknown}
Potions
 h - a potion of lignification {unknown}
 k - 2 potions of heal wounds {unknown}
 m - a potion of stabbing {unknown}
 o - a potion of berserk rage {unknown}
 q - a potion of brilliance {unknown}
 v - a potion of curing {unknown}
Comestibles
 f - 6 rations


   Skills:
 * Level 4.2(4.1) Fighting
 * Level 3.4(3.3) Polearms
 + Level 2.9(2.8) Armour
 * Level 2.0(1.9) Dodging
 + Level 2.9(2.8) Shields
 + Level 1.4(1.3) Spellcasting


You had 7 spell levels left.
You didn't know any spells.
Your spell library was empty.

Dungeon Overview and Level Annotations

Branches:
Dungeon (3/15)

Altars:
Elyvilon
Trog
Wu Jian
The Shining One


Innate Abilities, Weirdness & Mutations

You cannot wear boots.
Your serpentine skin is tough. (AC +2)
You have supernaturally acute eyesight. (SInv)
Armour fits poorly on your strangely shaped body.
Your system is resistant to poisons. (rPois)
You cover ground very slowly.
You have a slow metabolism.
You can spit poison.


Message History

The sky beast hits you. The sky beast shocks you.
You completely miss the sky beast.
The sky beast is severely wounded.
You block the sky beast's attack.
You feel very mighty all of a sudden. The sky beast closely misses you.
You miss the sky beast.
The sky beast is severely wounded.
The sky beast hits you. The sky beast shocks you.
* * * LOW HITPOINT WARNING * * *
You hit the sky beast.
The sky beast is severely wounded.
The sky beast hits you.
* * * LOW HITPOINT WARNING * * *
The sky beast shocks you.
* * * LOW HITPOINT WARNING * * *
You hit the sky beast.
The sky beast is almost dead.
The sky beast hits you.
You die...

#.......# .
#....... #
.###......#.
..##.......
#.##.....#
#.##.....#
#.##.Y...#
#.###@..#
#.#♣#......##
♣.......##.#
#.#♣#...# ...
#.### .....
#.# ......
#.# .##### .#
#.# .# ...
#.# #.#


You could see a sky beast.

Vanquished Creatures
  Sigmund (D:2)
  Crazy Yiuf (D:2)
  4 adders (D:2)
  An ooze (D:1)
  A worm (D:2)
  2 dart slugs
  7 bats
  A giant cockroach (D:1)
  7 goblins
  11 hobgoblins
  2 jackals (D:1)
  2 quokkas (D:2)
  5 frilled lizards
  2 kobolds
  8 rats
55 creatures vanquished.

Notes
Turn   | Place    | Note
-------+----------+-------------------------------------------
     0 | D:1      | Martska the Naga Fighter began the quest for the Orb.
     0 | D:1      | Reached XP level 1. HP: 21/21 MP: 1/1
   176 | D:1      | Reached XP level 2. HP: 28/28 MP: 2/2
   345 | D:1      | Reached XP level 3. HP: 29/34 MP: 3/3
  1064 | D:2      | Noticed Sigmund
  1072 | D:2      | Killed Sigmund
  1072 | D:2      | Reached skill level 4 in Fighting
  1072 | D:2      | Reached skill level 1 in Dodging
  1072 | D:2      | Reached skill level 1 in Spellcasting
  1072 | D:2      | Reached XP level 4. HP: 17/44 MP: 3/5
  1072 | D:2      | Reached XP level 5. HP: 19/50 MP: 3/6
  1272 | D:2      | Found a runed translucent door.
  1273 | D:2      | Noticed Crazy Yiuf
  1533 | D:2      | Found a bloodstained altar of Trog.
  1648 | D:2      | Found an ornate altar of the Wu Jian Council.
  1684 | D:2      | Reached XP level 6. HP: 55/57 MP: 6/8
  1851 | D:2      | Found a glowing golden altar of the Shining One.
  2041 | D:2      | Found a white marble altar of Elyvilon.
  2342 | D:2      | Killed Crazy Yiuf
  2546 | D:3      | Noticed a sky beast
  2578 | D:3      | Slain by a sky beast

Illustrated notes

Levels and vault maps discovered:
D:1:      dpeg_arrival_oval, layout_loops_corners
D:2:      minmay_general_purpose_star, layout_loops_ring,
          nicolae_overflow_hidden_temple, nicolae_overflow_crystal_walls,
          overflow_temple_1_default, elyvilon_altar_1, uniq_crazy_yiuf_cottage,
          uniq_sigmund
D:3:      layout_basic, amethyst_overflow_temple_binary, first_ration

Skill      XL: |  1  2  3  4  5  6 |
---------------+-------------------+-----
Fighting       | 4 |  4.2
Polearms       | 3 |  3.4
Dodging        | 1 2 |  2.0
Spellcasting   | 1 |  1.4
Armour         | |  2.9
Shields        | |  2.9

Action                   |  1- 3 |  4- 6 || total
-------------------------+-------+-------++-------
Melee: Trident           |    95 |       ||    95
       Spear             |    11 |   155 ||   166
 Abil: Spit Poison       |     2 |     4 ||     6
  Use: Potion            |     1 |     1 ||     2
  Eat: Chunk             |       |     5 ||     5
Armor: Scale mail        |    37 |    50 ||    87
Dodge: Dodged            |    13 |    40 ||    53
Block: Kite shield       |    38 |    63 ||   101
